 Dungeon Crawl Stone Soup version 0.30-a0-528-g8c47a4955b (webtiles) character file.

Game seed: 466424475218595436

347 NinjaNoafa the Covert (level 6, -2/53 HPs)
             Began as a Gnoll Delver on Dec 23, 2022.
             Slain by a gnoll
             ... wielding a +0 halberd
              (8 damage)
             ... on level 4 of the Dungeon.
             The game lasted 00:06:54 (1635 turns).

NinjaNoafa the Covert (Gnoll Delver)                Turns: 1635, Time: 00:06:54

Health: -2/53      AC:  3    Str: 12    XL:     6   Next: 59%
Magic:  9/9        EV: 13    Int:  9    God:
Gold:   67         SH:  0    Dex: 15    Spells: 9/9 levels left

rFire   . . .      SeeInvis .    a - +0 falchion
rCold   . . .      Faith    .    (no shield)
rNeg    . . .      Spirit   .    b - +0 leather armour
rPois   .          Reflect  .    (no helmet)
rElec   .          Harm     .    (no cloak)
rCorr   .          Rampage  .    (no gloves)
Will    .....                    (no boots)
Stlth   ++++                     (no amulet)
HPRegen 0.28/turn                (no ring)
MPRegen 0.11/turn                (no ring)

@: on berserk cooldown, slowed, very slow
A: fangs 1, strong nose, distributed training
a: no special abilities


You were on level 4 of the Dungeon.
You visited 1 branch of the dungeon, and saw 2 of its levels.

You collected 67 gold pieces.

Inventory:

Hand Weapons
 a - a +0 falchion (weapon)
Missiles
 f - 17 stones (quivered)
 l - 2 javelins
Armour
 b - a +0 leather armour (worn)
Wands
 g - a wand of digging (2)
Scrolls
 c - a scroll of fog
 d - a scroll of magic mapping
 h - 3 scrolls of identify {unknown}
 i - a scroll of poison {unknown}
 m - a scroll of torment {unknown}


   Skills:
 + Level 6.9 Fighting
 + Level 2.1 Short Blades
 + Level 5.0 Long Blades
 + Level 2.1 Axes
 + Level 2.1 Maces & Flails
 + Level 2.1 Polearms
 + Level 2.1 Staves
 + Level 2.1 Ranged Weapons
 + Level 2.1 Throwing
 + Level 2.1 Armour
 + Level 5.0 Dodging
 + Level 9.8 Stealth
 + Level 2.1 Shields
 + Level 2.1 Unarmed Combat
 + Level 2.1 Spellcasting
 + Level 1.6 Conjurations
 + Level 1.6 Hexes
 + Level 1.6 Summonings
 + Level 1.6 Necromancy
 + Level 1.6 Translocations
 + Level 1.6 Transmutations
 + Level 1.6 Fire Magic
 + Level 1.6 Ice Magic
 + Level 1.6 Air Magic
 + Level 1.6 Earth Magic
 + Level 1.6 Poison Magic
 + Level 2.3 Invocations
 + Level 2.1 Evocations


You had 9 spell levels left.
You didn't know any spells.
Your spell library was empty.

Dungeon Overview and Level Annotations

Branches:
Dungeon (5/15)
 Temple: D:4-7

Altars:
Nemelex Xobeh
Uskayaw


Innate Abilities, Weirdness & Mutations

You have very sharp teeth.
Your uncanny sense of smell can sniff out nearby items.
Your experience applies equally to all skills.


Message History

You kill the adder!
You feel sick.
You closely miss the hound. You bite the hound!
The hound is heavily wounded.
You feel sick. The hound misses you.
You slash the hound!
The hound is almost dead.
The hound bites you.
You completely miss the hound.
The hound is almost dead.
You feel sick. The hound closely misses you.
You slash the hound!
You kill the hound!
You feel sick.
You slash the gnoll!
The gnoll is severely wounded.
You feel sick.
You are no longer poisoned.
The gnoll closely misses you.
You closely miss the gnoll.
The gnoll is severely wounded.
The gnoll closely misses you.
You slash the gnoll!
You kill the gnoll!
The gnoll closely misses you.
You are no longer berserk.
You are exhausted.
You feel yourself slow down.
Things that are here:
a +4 flail; a gnoll corpse; an adder corpse You closely miss the gnoll.
The gnoll hits you but does no damage. The gnoll closely misses you.
You slash the gnoll!
The gnoll is severely wounded.
The gnoll hits you with a +0 halberd!
* * * LOW HITPOINT WARNING * * *
You barely miss the gnoll.
The gnoll is severely wounded.
The gnoll hits you with a +0 halberd!
You die...

### #.#
#.##.≈~~≈≈≈≈≈≈~..#
# #.#
#.##..~≈~~~~≈≈~..#
# #.#
#......≈~≈~~≈~$P#
#####.#
#.##....~~~≈~~..##
...##.#
#.##..P..~~~≈~....
....#.#
#...P.....~≈......
......#
#.##.P..........#.
....###
#.######..........
...##
#.....@gg(>...###.
#.#######
#.#######.....#
#.......# #.#####
#.##.## #######.#
#.....# #.# ...
#.# #.###.# #.#
#### #.# #.# #.#
#.. #<# #.###.#
### #.# #.##..#
#.# #.##.##


You could see 2 gnolls.

Vanquished Creatures
  A necrophage (D:5)
  4 hounds
  An orc priest (D:4)
  2 iguanas (D:5)
  A gnoll (D:4)
  7 adders
  An ufetubus (D:5)
  An orc (D:4)
  An endoplasm (D:4)
  A giant cockroach (D:4)
  A hobgoblin (D:4)
  A kobold (D:4)
  2 quokkas (D:4)
24 creatures vanquished.

Vanquished Creatures (others)
  8 plants (D:4)
8 creatures vanquished.

Grand Total: 32 creatures vanquished

Notes
Turn   | Place    | Note
-------+----------+-------------------------------------------
     0 | D:5      | Reached skill level 9 in Stealth
     0 | D:5      | NinjaNoafa the Gnoll Delver began the quest for the Orb.
     0 | D:5      | Reached XP level 1. HP: 23/23 MP: 1/1
    28 | D:5      | Noticed an iguana
    29 | D:5      | Noticed a hound
    41 | D:5      | Killed an iguana
    42 | D:5      | Reached XP level 2. HP: 9/29 MP: 2/2
    42 | D:5      | Reached XP level 3. HP: 11/35 MP: 3/3
   193 | D:5      | Reached skill level 1 in Short Blades
   193 | D:5      | Reached skill level 1 in Axes
   193 | D:5      | Reached skill level 1 in Maces & Flails
   193 | D:5      | Reached skill level 1 in Polearms
   193 | D:5      | Reached skill level 1 in Staves
   193 | D:5      | Reached skill level 1 in Ranged Weapons
   193 | D:5      | Reached skill level 1 in Throwing
   193 | D:5      | Reached skill level 1 in Armour
   193 | D:5      | Reached skill level 1 in Shields
   193 | D:5      | Reached skill level 1 in Unarmed Combat
   193 | D:5      | Reached skill level 1 in Spellcasting
   193 | D:5      | Reached skill level 1 in Invocations
   193 | D:5      | Reached skill level 1 in Evocations
   193 | D:5      | Reached XP level 4. HP: 40/41 MP: 5/5
   212 | D:5      | Reached skill level 1 in Conjurations
   212 | D:5      | Reached skill level 1 in Hexes
   212 | D:5      | Reached skill level 1 in Summonings
   212 | D:5      | Reached skill level 1 in Necromancy
   212 | D:5      | Reached skill level 1 in Translocations
   212 | D:5      | Reached skill level 1 in Transmutations
   212 | D:5      | Reached skill level 1 in Fire Magic
   212 | D:5      | Reached skill level 1 in Ice Magic
   212 | D:5      | Reached skill level 1 in Air Magic
   212 | D:5      | Reached skill level 1 in Earth Magic
   212 | D:5      | Reached skill level 1 in Poison Magic
   249 | D:5      | Noticed a necrophage
   260 | D:5      | Killed a necrophage
   261 | D:5      | Reached XP level 5. HP: 38/47 MP: 5/7
   442 | D:5      | Found a sparkling altar of Nemelex Xobeh.
   573 | D:5      | Reached XP level 6. HP: 41/53 MP: 8/8
  1051 | D:4      | Found a hide-covered altar of Uskayaw.
  1293 | D:4      | Reached skill level 5 in Long Blades
  1293 | D:4      | Reached skill level 5 in Dodging
  1635 | D:4      | Slain by a gnoll

Illustrated notes

Levels and vault maps discovered:
D:4:      layout_loops_ring, eat_drink_and_be_merry_uskayaw,
          guppyfry_early_lair_pool
D:5:      layout_loops_ring, nemelex_xobeh_ov_fountains_minmay

Skill      XL: |  1  2  3  4  5  6 |
---------------+-------------------+-----
Stealth        | |  9.8
Short Blades   | 1 2 |  2.1
Axes           | 1 2 |  2.1
Maces & Flails | 1 2 |  2.1
Polearms       | 1 2 |  2.1
Staves         | 1 2 |  2.1
Ranged Weapons | 1 2 |  2.1
Throwing       | 1 2 |  2.1
Armour         | 1 2 |  2.1
Shields        | 1 2 |  2.1
Unarmed Combat | 1 2 |  2.1
Spellcasting   | 1 2 |  2.1
Invocations    | 1 2 |  2.3
Evocations     | 1 2 |  2.1
Conjurations   | 1 |  1.6
Hexes          | 1 |  1.6
Summonings     | 1 |  1.6
Necromancy     | 1 |  1.6
Translocations | 1 |  1.6
Transmutations | 1 |  1.6
Fire Magic     | 1 |  1.6
Ice Magic      | 1 |  1.6
Air Magic      | 1 |  1.6
Earth Magic    | 1 |  1.6
Poison Magic   | 1 |  1.6
Long Blades    | 5 |  5.0
Dodging        | 5 |  5.0
Fighting       | |  6.9

Action                   |  1- 3 |  4- 6 || total
-------------------------+-------+-------++-------
Melee: Falchion          |    10 |   122 ||   132
       Bite              |       |    13 ||    13
       Punch             |       |     1 ||     1
Evoke: Wand              |       |     1 ||     1
  Use: Potion            |     1 |     3 ||     4
       Scroll            |       |     2 ||     2
 Stab: Sleeping          |     3 |     6 ||     9
Armor: Leather armour    |     1 |    24 ||    25
Dodge: Dodged            |     4 |    90 ||    94

Table legend: (Time is in decaauts)
 A = Elapsed time spent in this place.
 B = Non-inter-level travel time spent in this place.
 C = Inter-level travel time spent in this place.
 D = Time resting spent in this place.
 E = Time spent auto-exploring this place.
 F = Levels seen in this place.
 G = Mean time per level.
                   A        B        C        D        E       F      G
               +--------+--------+--------+--------+--------+-----+--------+
         Total |   1619 |   1605 |     14 |      0 |   1263 |   2 |  809.5 |
       Dungeon |   1619 |   1605 |     14 |      0 |   1263 |   2 |  809.5 |
               +--------+--------+--------+--------+--------+-----+--------+

Top non-repeatable levels by time:
     D:5: 963 daAuts
     D:4: 656 daAuts
